 Dungeon Crawl Stone Soup version 0.24.0-123-gd5b16e6ec5 (webtiles) character file.

Game seed: 16985296189639940336, levelgen mode: deterministic

116 SeryemDCSS the Magician (level 5, -3/37 HPs)
             Began as a Gnoll Wizard on Jan 6, 2020.
             Slain by a bullfrog (8 damage)
             ... on level 3 of the Dungeon.
             The game lasted 00:08:20 (2747 turns).

SeryemDCSS the Magician (Gnoll Wizard)              Turns: 2747, Time: 00:08:21

Health: -3/37      AC:  4    Str:  9    XL:     5   Next: 1%
Magic:  1/14       EV: 14    Int: 22    God:
Gold:   149        SH:  0    Dex: 13    Spells: 13/18 levels left

rFire    . . .     SeeInvis .   l - -3 hand axe (curse)
rCold    . . .     Gourm    .   (no shield)
rNeg     . . .     Faith    .   a - +0 robe
rPois    .         Spirit   .   b - +0 hat
rElec    .         Reflect  .   o - +0 cloak
rCorr    .         Harm     .   n - +0 pair of gloves
MR       .....                  (no boots)
Stlth    +++.......             (no amulet)
HPRegen  0.12/turn              (no ring)
MPRegen  0.14/turn              (no ring)

@: very slightly contaminated
A: distributed training, fangs 1, strong nose
a: no special abilities


You were on level 3 of the Dungeon.
You were not hungry.

You visited 1 branch of the dungeon, and saw 3 of its levels.

You collected 149 gold pieces.

Inventory:

Hand Weapons
 j - a +0 dagger
 l - a cursed -3 hand axe (weapon)
 p - a +0 spear
 t - a +2 whip of draining
Missiles
 e - 86 stones (quivered)
Armour
 a - a +0 robe (worn)
 b - a +0 hat (worn)
 n - a +0 pair of gloves (worn)
 o - a +0 cloak (worn)
Jewellery
 g - an uncursed ring of ice {unknown}
 m - an uncursed ring of flight {unknown}
Scrolls
 c - 5 scrolls of identify {unknown}
 f - 4 scrolls of teleportation {unknown}
 h - a scroll of enchant weapon {unknown}
 q - a scroll of remove curse {unknown}
 u - a scroll of random uselessness {unknown}
Potions
 i - a potion of berserk rage {unknown}
 k - a potion of haste {unknown}
 r - 2 potions of flight {unknown}
 s - a potion of curing {unknown}
Comestibles
 d - 6 rations


   Skills:
 + Level 1.2 Fighting
 + Level 1.2 Short Blades
 + Level 1.2 Long Blades
 + Level 1.2 Axes
 + Level 1.2 Maces & Flails
 + Level 1.2 Polearms
 + Level 1.2 Staves
 + Level 1.2 Slings
 + Level 1.2 Bows
 + Level 1.2 Crossbows
 + Level 1.2 Throwing
 + Level 1.2 Armour
 + Level 4.7 Dodging
 + Level 4.3 Stealth
 + Level 1.2 Shields
 + Level 1.2 Unarmed Combat
 + Level 7.2 Spellcasting
 + Level 2.3 Conjurations
 + Level 1.0 Hexes
 + Level 1.0 Charms
 + Level 2.3 Summonings
 + Level 1.0 Necromancy
 + Level 2.3 Translocations
 + Level 1.0 Transmutations
 + Level 1.0 Fire Magic
 + Level 1.0 Ice Magic
 + Level 1.0 Air Magic
 + Level 1.0 Earth Magic
 + Level 1.0 Poison Magic
 + Level 1.4 Invocations
 + Level 1.2 Evocations


You had 13 spell levels left.
You knew the following spells:

 Your Spells              Type           Power        Failure   Level  Hunger
a - Magic Dart            Conj           ###.         3%          1    None
b - Call Imp              Summ           ###.....     4%          2    None
i - Blink                 Tloc           N/A          4%          2    None

Your spell library contained the following spells:

 Spells                   Type           Power        Failure   Level  Hunger
 Slow                     Hex            ##......     8%          2    None
 Conjure Flame            Conj/Fire      ###.....     12%         3    None
 Mephitic Cloud           Conj/Pois/Air  ##......     13%         3    None


Dungeon Overview and Level Annotations

Branches:
Dungeon (3/15)

Altars:
The Shining One


Innate Abilities, Weirdness & Mutations

Your experience applies equally to all skills.
You have very sharp teeth.
Your uncanny sense of smell can sniff out nearby items.


Message History

Your crimson imp barely misses the bullfrog.
The bullfrog misses you. The bullfrog hits you.
The bullfrog releases a deep croak.
The bullfrog hits you.
* * * LOW HITPOINT WARNING * * *
The bullfrog misses you.
Your crimson imp blinks!
Casting: Call Imp (safe; 4% risk of failure)
Confirm with . or Enter, or press ? or * to list all spells.
A beastly little devil appears in a puff of frigid air.
The bullfrog snags a nearby mouse with its tongue.
The bullfrog hits you.
* * * LOW HITPOINT WARNING * * *
Your crimson imp hits the bullfrog.
The bullfrog hits you but does no damage.
The bullfrog barely misses you.
Your crimson imp disappears in a puff of smoke!
The bullfrog hits you!
You die...

#.#.######.#.##.......#.
#........#..........#. .....
#..##############'###.
.....##### #.................#
#.
.....#...###.....#############
## .....#..................
.....#....######...####
.....####§#§..........#
#...).###..§.5.F@..##.# #.#
###.#....§####...##.#######.#
#...#.########..###.##....#.#
#.###.##.........##.##.##.#.###
#.###.##.........##.##..#.#....
#.5...##.........##.....#.#....
########.......).#.....##.#.#..
#.........'....))..#'###
########
#.........#.....##......


You could see a bullfrog and a friendly white imp.

Vanquished Creatures
  2 adders (D:3)
  An ooze (D:3)
  3 worms
  A dart slug (D:3)
  2 leopard geckos (D:1)
  7 orcs (D:3)
  3 bats
  6 giant cockroaches
  12 hobgoblins
  A jackal (D:3)
  A ball python (D:2)
  A frilled lizard (D:1)
  5 goblins
  5 kobolds
  6 rats
56 creatures vanquished.

Vanquished Creatures (collateral kills)
  An adder (D:3)
  2 dart slugs
  An orc (D:3)
  2 goblins
  3 jackals (D:3)
  A bat (D:2)
  A kobold (D:3)
  A rat (D:2)
12 creatures vanquished.

Grand Total: 68 creatures vanquished

Notes
Turn   | Place    | Note
-------+----------+-------------------------------------------
     0 | D:1      | SeryemDCSS the Gnoll Wizard began the quest for the Orb.
     0 | D:1      | Reached XP level 1. HP: 13/13 MP: 8/8
   231 | D:1      | Reached XP level 2. HP: 19/19 MP: 7/10
   235 | D:1      | Learned a level 2 spell: Blink
   238 | D:1      | Learned a level 2 spell: Call Imp
   909 | D:1      | Reached XP level 3. HP: 25/25 MP: 6/11
  1583 | D:2      | Reached skill level 1 in Invocations
  1588 | D:2      | Found a glowing golden altar of the Shining One.
  1898 | D:3      | Reached skill level 1 in Fighting
  1898 | D:3      | Reached skill level 1 in Short Blades
  1898 | D:3      | Reached skill level 1 in Long Blades
  1898 | D:3      | Reached skill level 1 in Axes
  1898 | D:3      | Reached skill level 1 in Maces & Flails
  1898 | D:3      | Reached skill level 1 in Polearms
  1898 | D:3      | Reached skill level 1 in Staves
  1898 | D:3      | Reached skill level 1 in Slings
  1898 | D:3      | Reached skill level 1 in Bows
  1898 | D:3      | Reached skill level 1 in Crossbows
  1898 | D:3      | Reached skill level 1 in Throwing
  1898 | D:3      | Reached skill level 1 in Armour
  1898 | D:3      | Reached skill level 1 in Shields
  1898 | D:3      | Reached skill level 1 in Unarmed Combat
  1898 | D:3      | Reached skill level 1 in Evocations
  1905 | D:3      | Reached XP level 4. HP: 31/32 MP: 0/13
  2494 | D:3      | Reached skill level 1 in Hexes
  2494 | D:3      | Reached skill level 1 in Charms
  2494 | D:3      | Reached skill level 1 in Necromancy
  2494 | D:3      | Reached skill level 1 in Transmutations
  2494 | D:3      | Reached skill level 1 in Fire Magic
  2494 | D:3      | Reached skill level 1 in Ice Magic
  2494 | D:3      | Reached skill level 1 in Air Magic
  2494 | D:3      | Reached skill level 1 in Earth Magic
  2494 | D:3      | Reached skill level 1 in Poison Magic
  2719 | D:3      | Noticed a bullfrog
  2723 | D:3      | Reached XP level 5. HP: 37/37 MP: 5/14
  2747 | D:3      | Slain by a bullfrog

Levels and vault maps discovered:
D:1:      dpeg_arrival_prison, layout_basic
D:2:      layout_basic, nicolae_overflow_crystal_walls
D:3:      layout_basic, kiku_gazebo_pond_becter

Skill      XL: |  1  2  3  4 |
---------------+-------------+-----
Conjurations   | 2 |  2.3
Summonings     | 2 |  2.3
Translocations | 2 |  2.3
Invocations    | 1 |  1.4
Fighting       | 1 |  1.2
Short Blades   | 1 |  1.2
Long Blades    | 1 |  1.2
Axes           | 1 |  1.2
Maces & Flails | 1 |  1.2
Polearms       | 1 |  1.2
Staves         | 1 |  1.2
Slings         | 1 |  1.2
Bows           | 1 |  1.2
Crossbows      | 1 |  1.2
Throwing       | 1 |  1.2
Armour         | 1 |  1.2
Shields        | 1 |  1.2
Unarmed Combat | 1 |  1.2
Evocations     | 1 |  1.2
Hexes          | 1 |  1.0
Charms         | 1 |  1.0
Necromancy     | 1 |  1.0
Transmutations | 1 |  1.0
Fire Magic     | 1 |  1.0
Ice Magic      | 1 |  1.0
Air Magic      | 1 |  1.0
Earth Magic    | 1 |  1.0
Poison Magic   | 1 |  1.0
Dodging        | |  4.7
Stealth        | |  4.3
Spellcasting   | |  7.2

Action                   |  1- 3 |  4- 6 || total
-------------------------+-------+-------++-------
Melee: Hand axe          |     5 |       ||     5
 Cast: Magic Dart        |    96 |    60 ||   156
       Call Imp          |     7 |     5 ||    12
       Blink             |     1 |       ||     1
  Eat: Chunk             |     2 |     3 ||     5
Armor: Robe              |     1 |     8 ||     9
Dodge: Dodged            |    23 |    22 ||    45
